 Dungeon Crawl Stone Soup version 0.28.0-53-g5a82cb258f (webtiles) character file.

Game seed: 1347363204040127696

214 Zeld the Conjurer (level 5, -4/28 HPs)
             Began as a Gargoyle Conjurer on June 1, 2022.
             Blown up by Ijyb (15 damage)
             ... with a mindburst bolt
             ... on level 4 of the Dungeon.
             The game lasted 00:04:35 (4491 turns).

Zeld the Conjurer (Gargoyle Conjurer)               Turns: 4491, Time: 00:04:36

Health: -4/28      AC:  7    Str: 11    XL:     5   Next: 91%
Magic:  6/10       EV: 11    Int: 20    God:
Gold:   75         SH:  0    Dex:  8    Spells: 8/11 levels left

rFire   + . .      SeeInvis .   h - +2 dagger (venom)
rCold   + . .      Faith    .   (no shield)
rNeg    + . .      Spirit   .   a - +0 robe
rPois   ∞          Reflect  .   q - +0 helmet
rElec   +          Harm     .   o - scarf {rC+ rF+}
rCorr   .          Rampage  .   (no gloves)
Will    .....                   (no boots)
Stlth   ++........              (no amulet)
HPRegen 0.09/turn               (no ring)
MPRegen 0.12/turn               (no ring)

@: no status effects
A: sickness immunity, AC +4, negative energy resistance 1, electricity
resistance, torment resistance 1, petrification resistance
a: no special abilities


You were on level 4 of the Dungeon.
You visited 1 branch of the dungeon, and saw 4 of its levels.

You collected 75 gold pieces.

Inventory:

Hand Weapons
 h - a +2 dagger of venom (weapon)
Armour
 a - a +0 robe (worn)
 o - a scarf of resistance (worn)
 q - a +0 helmet (worn)
Jewellery
 e - a ring of protection from cold
 g - a ring of protection from fire
Scrolls
 c - 2 scrolls of teleportation {unknown}
 d - a scroll of vulnerability {unknown}
 i - a scroll of fear {unknown}
 k - 2 scrolls of identify {unknown}
Potions
 b - 2 potions of degeneration {unknown}
 f - 4 potions of curing {unknown}
 j - a potion of lignification {unknown}
 l - a potion of resistance {unknown}
 n - a potion of attraction {unknown}


   Skills:
 - Level 1.5 Dodging
 + Level 2.2 Stealth
 * Level 3.9 Spellcasting
 + Level 5.0 Conjurations
 - Level 2.0 Hexes
 - Level 2.0 Translocations


You had 8 spell levels left.
You knew the following spells:

 Your Spells              Type           Power      Damage    Failure   Level
a - Magic Dart            Conj           96%        1d7       1%          1
b - Searing Ray           Conj           48%        2d6       2%          2

Your spell library contained the following spells:

 Spells                   Type           Power      Damage    Failure   Level
 Dazzling Flash           Conj/Hex       36%        N/A       9%          3
 Summon Small Mammal      Summ           12%        N/A       13%         1
 Summon Guardian Golem    Hex/Summ       7%         N/A       26%         3
 Fulminant Prism          Conj/Hex       9%         3d7       30%         4
 Iskenderun's Mystic Bla  Conj/Tloc      18%        2d6       30%         4
 Call Canine Familiar     Summ           3%         N/A       36%         3


Dungeon Overview and Level Annotations

Branches:
Dungeon (4/15)
 Temple: D:4-7

Altars:

Annotations:
D:4 Ijyb


Innate Abilities, Weirdness & Mutations

You are immune to sickness and miasma.
Your stone body is resilient. (AC +4)
You are immune to poison.
You resist negative energy. (rN+)
You are resistant to electric shocks. (rElec)
You are resistant to unholy torment.
You are immune to petrification.


Message History

You miss the adder. The adder barely misses you.
The adder bites you but does no damage.
You completely miss the adder. The adder bites you but does no damage.
You hit the adder.
The adder is poisoned.
The adder is moderately wounded.
The adder bites you.
You barely miss the adder.
The adder is heavily wounded.
The adder closely misses you.
You hit the adder.
The adder looks as sick as possible!
The adder is severely wounded.
The adder bites you. The adder closely misses you.
You hit the adder.
You kill the adder!
No target in view!
You see here an adder corpse.
Magic restored.
Ijyb the Twisted Goblin comes into view.
She is wielding a +0 club and carrying a wand of mindburst (4).
Ijyb shouts!
Ijyb zaps a wand.
You barely resist.
Ijyb is nearby!
Ijyb is nearby!
Ijyb is nearby!
Ijyb drinks a potion.
Ijyb seems to speed up.
Casting: Magic Dart (safe; 1% risk of failure)
Confirm with . or Enter, or press ? or * to list all spells.
Aiming: Searing Ray (safe; 2% risk of failure)
Press: ? - help, Shift-Dir - straight line, f - Ijyb
Aim: Ijyb, wielding a +0 club, wearing a +0 leather armour and carrying a wand of mindburst (3) (fast, 74% to hit)
The searing ray misses Ijyb. (Press . to maintain the ray.) Unknown command.
The searing ray hits Ijyb but does no damage.
Ijyb zaps a wand.
Your mind is blasted!
Ouch! That really hurt!
The searing ray hits Ijyb.
Ijyb is lightly wounded.
Ijyb zaps a wand.
Your mind is blasted!
Ouch! That really hurt!
You die...

#.....# #.. ..# #.....#
#.....# #+##..#..
........# ......g.#
.......@######
.............#
.......#####.###
...............#
###..######.##.#
#..####.#.##.#########
###.......#.##.........#
..........#.##.#######.#
###.....#...##.#.....#.#


You could see Ijyb (fast).

Vanquished Creatures
  A phantom (D:4)
  A jelly (D:2)
  3 adders
  3 dart slugs
  A worm (D:2)
  3 orcs (D:3)
  3 ball pythons
  9 endoplasms
  4 giant cockroaches
  11 goblins
  4 hobgoblins
  7 kobolds
  A quokka (D:1)
  8 bats
  5 frilled lizards
  4 rats
68 creatures vanquished.

Notes
Turn   | Place    | Note
-------+----------+-------------------------------------------
     0 | D:1      | Zeld the Gargoyle Conjurer began the quest for the Orb.
     0 | D:1      | Reached XP level 1. HP: 10/10 MP: 3/3
   425 | D:1      | Reached XP level 2. HP: 15/15 MP: 1/5
   527 | D:1      | Found a faded altar of an unknown god.
   534 | D:1      | Learned a level 2 spell: Searing Ray
  1136 | D:1      | Reached skill level 1 in Translocations
  1202 | D:1      | Reached XP level 3. HP: 19/19 MP: 3/6
  1255 | D:1      | Reached skill level 1 in Hexes
  2947 | D:2      | Reached XP level 4. HP: 18/24 MP: 8/8
  3909 | D:3      | Reached XP level 5. HP: 28/28 MP: 9/9
  4289 | D:4      | Noticed a phantom
  4311 | D:4      | Killed a phantom
  4312 | D:4      | Reached skill level 5 in Conjurations
  4486 | D:4      | Noticed Ijyb
  4491 | D:4      | Blown up by Ijyb

Illustrated notes

Levels and vault maps discovered:
D:1:      lemuel_arrival_lava_pool, layout_basic, ebering_ecumenical_altar_box
D:2:      layout_basic
D:3:      layout_rooms, hex_medium
D:4:      layout_basic, minmay_misc_feat_secret_circle, nicolae_shop_clearance,
          uniq_ijyb, uniq_natasha

Skill      XL: |  1  2  3  4  5 |
---------------+----------------+-----
Translocations | 1 2 |  2.0
Hexes          | 1 2 |  2.0
Spellcasting   | 3 |  3.9
Conjurations   | 5 |  5.0
Dodging        | |  1.5
Stealth        | |  2.2

Action                   |  1- 3 |  4- 6 || total
-------------------------+-------+-------++-------
Melee: Unarmed           |    27 |       ||    27
       Dagger            |    23 |    80 ||   103
       Punch             |     3 |       ||     3
 Cast: Magic Dart        |    21 |     1 ||    22
       Searing Ray       |    26 |     4 ||    30
 Stab: Sleeping          |     1 |     1 ||     2
Armor: Robe              |    26 |    36 ||    62
Dodge: Dodged            |    49 |    53 ||   102
